 Dungeon Crawl Stone Soup version 0.26-a0-712-ga5a9c9c9d0 (webtiles) character file.

Game seed: 12742784276416023678

114 kae the Insei (level 4, 0/26 HPs)
             Began as a Tengu Transmuter on Nov 12, 2020.
             Succumbed to an adder's poison
             ... on level 2 of the Dungeon.
             The game lasted 00:01:12 (2090 turns).

kae the Insei (Tengu Transmuter)                    Turns: 2090, Time: 00:01:13

Health: 0/26       AC:  2    Str: 11    XL:     4   Next: 98%
Magic:  8/8        EV: 12    Int: 14    God:
Gold:   81         SH:  0    Dex: 14    Spells: 3/7 levels left

rFire    . . .     SeeInvis .     - Unarmed
rCold    . . .     Faith    .   (no shield)
rNeg     . . .     Spirit   .   a - +0 robe
rPois    .         Reflect  .   (helmet restricted)
rElec    .         Harm     .   (no cloak)
rCorr    .         Rampage  .   (no gloves)
MR       .....                  (boots unavailable)
Stlth    +.........             (no amulet)
HPRegen  0.08/turn              (no ring)
MPRegen  0.11/turn              (no ring)

@: brilliant, lethally poisoned (0 -> -8)
A: beak, talons 3
a: no special abilities


You were on level 2 of the Dungeon.
You visited 1 branch of the dungeon, and saw 2 of its levels.

You collected 81 gold pieces.

Inventory:

Armour
 a - a +0 robe (worn)
Jewellery
 b - a cursed ring of attention {unknown}
Scrolls
 c - 2 scrolls of identify {unknown}
 d - a scroll of fear {unknown}
 f - a scroll of enchant weapon {unknown}
 j - a scroll of remove curse {unknown}
Potions
 g - a potion of flight {unknown}
 h - a potion of lignification {unknown}
 i - a potion of curing {unknown}


   Skills:
 + Level 2.1 Fighting
 - Level 2.1 Dodging
 + Level 3.9 Unarmed Combat
 - Level 2.0 Spellcasting
 * Level 2.9 Transmutations
 * Level 1.7 Poison Magic


You had 3 spell levels left.
You knew the following spells:

 Your Spells              Type           Power        Failure   Level
a - Beastly Appendage     Tmut           ##....       8%          1
b - Spider Form           Tmut/Pois      ##........   28%         3

Your spell library contained the following spells:

 Spells                   Type           Power        Failure   Level
 Wereblood                Tmut           ##......     11%         2
 Ice Form                 Ice/Tmut       #.......     78%         4
 Blade Hands              Tmut           ##........   90%         5


Dungeon Overview and Level Annotations

Branches:
Dungeon (2/15)

Altars:


Innate Abilities, Weirdness & Mutations

You have a beak for a mouth.
You have claws for feet.


Message History

There is an open door here.
The adder bites you.
* * * LOW HITPOINT WARNING * * *
You are lethally poisoned!
The adder poisons you!
Okay, then.
* * * LOW HITPOINT WARNING * * *
You feel sick. The adder closely misses you.
* * * LOW HITPOINT WARNING * * *
You feel sick.
It was a potion of brilliance.
You feel clever all of a sudden. The adder bites you.
* * * LOW HITPOINT WARNING * * *
You are more poisoned.
The adder poisons you! The adder misses you.
* * * LOW HITPOINT WARNING * * *
You feel sick.
There is a stone staircase leading up here.
You die...

...# #รท.# #......#
...# ##.# ##......#
...# #.## #.......#
...# #..####...#+###
#### ##....#...#+##
#....#......# ...
#....###....# ... ###
#....# #....# .... #@#
#....# #....# .....
#S# #....# ###'##
.....##g# ###..#####.#
........# ##.#.....# #
.##....g# #...##..# #
#.....#######.(##..###
#.....')g......##.(.##
#.....####g...(###....
#.....# #.....# #....


You could see 2 gnolls and an adder.

Vanquished Creatures
  5 gnolls (D:2)
  2 adders (D:2)
  2 dart slugs
  2 leopard geckos (D:1)
  3 goblins
  8 hobgoblins
  2 jackals (D:1)
  A quokka (D:2)
  5 bats
  7 frilled lizards
  6 kobolds
  3 rats
46 creatures vanquished.

Notes
Turn   | Place    | Note
-------+----------+-------------------------------------------
     0 | D:1      | kae the Tengu Transmuter began the quest for the Orb.
     0 | D:1      | Reached XP level 1. HP: 12/12 MP: 4/4
   238 | D:1      | Reached XP level 2. HP: 16/16 MP: 4/6
   667 | D:1      | Reached XP level 3. HP: 20/20 MP: 5/7
   672 | D:1      | Learned a level 3 spell: Spider Form
  1498 | D:2      | Reached skill level 1 in Poison Magic
  1537 | D:2      | Reached XP level 4. HP: 15/26 MP: 3/8
  2089 | D:2      | HP: 1/26 [poisoned by an adder]
  2090 | D:2      | Succumbed to an adder's poison

Illustrated notes

Levels and vault maps discovered:
D:1:      grunt_arrival_crossed_arrows, layout_rooms, minmay_distorted
D:2:      layout_basic

Skill      XL: |  1  2  3  4 |
---------------+-------------+-----
Transmutations | 2 |  2.9
Poison Magic   | 1 |  1.7
Fighting       | 2 |  2.1
Dodging        | |  2.1
Unarmed Combat | |  3.9
Spellcasting   | |  2.0

Action                   |  1- 3 |  4- 6 || total
-------------------------+-------+-------++-------
Melee: Unarmed           |    83 |    23 ||   106
       Kick              |    16 |       ||    16
       Peck              |     8 |       ||     8
       Headbutt          |     4 |       ||     4
       Punch             |     1 |       ||     1
 Cast: Beastly Appendage |    20 |     2 ||    22
       Spider Form       |     1 |     1 ||     2
  Use: Potion            |       |     1 ||     1
 Stab: Sleeping          |     2 |       ||     2
Armor: Robe              |    14 |       ||    14
Dodge: Dodged            |    43 |    21 ||    64

Table legend: (Time is in decaauts)
 A = Elapsed time spent in this place.
 B = Non-inter-level travel time spent in this place.
 C = Inter-level travel time spent in this place.
 D = Time resting spent in this place.
 E = Time spent auto-exploring this place.
 F = Levels seen in this place.
 G = Mean time per level.
                   A        B        C        D        E       F      G
               +--------+--------+--------+--------+--------+-----+--------+
         Total |   2082 |   2063 |     19 |      4 |   1743 |   2 | 1041.0 |
       Dungeon |   2082 |   2063 |     19 |      4 |   1743 |   2 | 1041.0 |
               +--------+--------+--------+--------+--------+-----+--------+

Top non-repeatable levels by time:
     D:2: 1236 daAuts
     D:1: 846 daAuts
